 Dungeon Crawl Stone Soup version 0.28.0-53-g5a82cb258f (webtiles) character file.

Game seed: 6021454853426357192

619 jiml777 the Digger (level 7, -3/38 HPs)
             Began as a Gargoyle Earth Elementalist on June 10, 2022.
             Slain by a gnoll shaman
             ... wielding a +0 club
              (7 damage)
             ... on level 5 of the Dungeon.
             The game lasted 00:19:16 (4063 turns).

jiml777 the Digger (Gargoyle Earth Elementalist)    Turns: 4063, Time: 00:19:17

Health: -3/38      AC: 11    Str: 11    XL:     7   Next: 46%
Magic:  6/13       EV: 11    Int: 18    God:
Gold:   195        SH:  0    Dex: 10    Spells: 7/14 levels left

rFire   + . .      SeeInvis .   q - +2 dagger (freeze)
rCold   + . .      Faith    .   (no shield)
rNeg    + . .      Spirit   .   e - +0 leather armour
rPois   ∞          Reflect  .   s - +0 helmet
rElec   +          Harm     .   a - scarf {rC+ rF+}
rCorr   .          Rampage  .   p - +1 pair of gloves
Will    .....                   (no boots)
Stlth   ++........              (no amulet)
HPRegen 0.12/turn               (no ring)
MPRegen 0.13/turn               (no ring)

@: about to teleport
A: sickness immunity, AC +4, negative energy resistance 1, electricity
resistance, torment resistance 1, petrification resistance
a: no special abilities


You were on level 5 of the Dungeon.
You visited 1 branch of the dungeon, and saw 5 of its levels.

You collected 195 gold pieces.

Inventory:

Hand Weapons
 d - a +0 hand axe
 n - a +1 dagger of venom
 q - a +2 dagger of freezing (weapon)
Missiles
 c - 92 stones
 i - 38 sling bullets
 m - 42 arrows
 v - 45 bolts
Armour
 a - a scarf of resistance (worn)
 b - a +0 robe
 e - a +0 leather armour (worn)
 l - an orb of light
 p - a +1 pair of gloves (worn)
 s - a +0 helmet (worn)
Jewellery
 w - a ring of ice
Scrolls
 g - a scroll of vulnerability {unknown}
 h - 2 scrolls of fear
 j - a scroll of blinking
 o - a scroll of enchant armour {unknown}
Potions
 k - a potion of flight {unknown}
 r - a potion of might {unknown}
 t - 2 potions of curing {unknown}
 u - 2 potions of brilliance {unknown}


   Skills:
 + Level 1.1 Fighting
 + Level 2.0 Short Blades
 + Level 1.0 Axes
 + Level 2.7 Armour
 - Level 2.1 Dodging
 - Level 3.0 Stealth
 * Level 4.4 Spellcasting
 * Level 0.9 Conjurations
 * Level 0.8 Translocations
 * Level 1.1 Transmutations
 * Level 5.5 Earth Magic


You had 7 spell levels left.
You knew the following spells:

 Your Spells              Type           Power      Damage    Failure   Level
a - Sandblast             Erth           46%        2d11      1%          1
b - Passwall              Tmut/Erth      12%        N/A       7%          2
c - Stone Arrow           Conj/Erth      30%        3d8       14%         3
d - Apportation           Tloc           12%        N/A       13%         1

Your spell library contained the following spells:

 Spells                   Type           Power      Damage    Failure   Level
 Animate Skeleton         Necr           6%         N/A       19%         1
 Summon Small Mammal      Summ           12%        N/A       19%         1
 Portal Projectile        Hex/Tloc       10%        N/A       41%         3
 Petrify                  Tmut/Erth      15%        N/A       41%         4
 Ice Form                 Ice/Tmut       6%         N/A       80%         4
 Hailstorm                Conj/Ice       5%         3d4       83%         4
 Blade Hands              Tmut           4%         N/A       97%         5
 Excruciating Wounds      Necr           1%         N/A       99%         5
 Simulacrum               Ice/Necr       1%         N/A       100%        6


Dungeon Overview and Level Annotations

Branches:
Dungeon (5/15)
 Temple: D:4-7

Altars:
Dithmenos
Fedhas
Trog
Vehumet

Shops:
D:3 [(


Innate Abilities, Weirdness & Mutations

You are immune to sickness and miasma.
Your stone body is resilient. (AC +4)
You are immune to poison.
You resist negative energy. (rN+)
You are resistant to electric shocks. (rElec)
You are resistant to unholy torment.
You are immune to petrification.


Message History

The blast of sand hits the hound skeleton!
You destroy the hound skeleton!
You start resting.
A gnoll shaman is nearby!
Casting: Sandblast (safe; 1% risk of failure)
Confirm with . or Enter, or press ? or * to list all spells.
Aiming: Sandblast (safe; 1% risk of failure)
Press: ? - help, Shift-Dir - straight line, f - gnoll shaman
Aim: a gnoll shaman, wielding a +0 club and wearing a +0 leather armour (83% to hit)
The blast of sand misses the gnoll shaman.
Casting: Sandblast (safe; 1% risk of failure)
Confirm with . or Enter, or press ? or * to list all spells.
Aiming: Sandblast (safe; 1% risk of failure)
Press: ? - help, Shift-Dir - straight line, f/p - gnoll shaman
Aim: a gnoll shaman, wielding a +0 club and wearing a +0 leather armour (83% to hit)
The blast of sand misses the gnoll shaman.
The gnoll shaman calls down the wrath of its god upon you.
You resist with some effort.
Casting: Sandblast (safe; 1% risk of failure)
Confirm with . or Enter, or press ? or * to list all spells.
Aiming: Sandblast (safe; 1% risk of failure)
Press: ? - help, Shift-Dir - straight line, f/p - gnoll shaman
Aim: a gnoll shaman, wielding a +0 club and wearing a +0 leather armour (83% to hit)
The blast of sand hits the gnoll shaman but does no damage.
The gnoll shaman invokes the aid of its god against you.
You resist with some effort.
Casting: Sandblast (safe; 1% risk of failure)
Confirm with . or Enter, or press ? or * to list all spells.
Aiming: Sandblast (safe; 1% risk of failure)
Press: ? - help, Shift-Dir - straight line, f/p - gnoll shaman
Aim: a gnoll shaman, wielding a +0 club and wearing a +0 leather armour (83% to hit)
The blast of sand hits the gnoll shaman.
The gnoll shaman is lightly wounded.
The gnoll shaman hits you but does no damage.
The gnoll closely misses you. The gnoll hits you with a +0 club.
* * * LOW HITPOINT WARNING * * *
As you read the scroll of teleportation, it crumbles to dust.
You feel strangely unstable.
The gnoll shaman hits you with a +0 club!
You die...

# .. . ...
####### . ..
#.....# #
####.##.....#
g...Z.g.....#
. #gg...# .
#@....# .
#.....# .
#.....# .
#######


You could see a gnoll shaman and 2 gnolls.

Vanquished Creatures
  An ogre (D:5)
  3 wights (D:3)
  A hound (D:4)
  An orc priest (D:3)
  A jelly (D:4)
  An iguana (D:4)
  3 orc wizards (D:3)
  2 hound skeletons
  Robin (D:3)
  A gnoll (D:5)
  8 adders
  An ufetubus (D:5)
  2 worms
  4 dart slugs
  11 orcs
  3 bats
  4 endoplasms
  4 giant cockroaches
  8 goblins
  8 hobgoblins
  4 jackals (D:2)
  5 kobolds
  5 quokkas
  5 ball pythons
  3 frilled lizards
  3 rats
93 creatures vanquished.

Notes
Turn   | Place    | Note
-------+----------+-------------------------------------------
     0 | D:1      | jiml777 the Gargoyle Earth Elementalist began the quest for
                  | the Orb.
     0 | D:1      | Reached XP level 1. HP: 10/10 MP: 3/3
   147 | D:1      | Reached XP level 2. HP: 14/15 MP: 0/5
   264 | D:1      | Found a faded altar of an unknown god.
   615 | D:2      | Reached skill level 4 in Earth Magic
   910 | D:2      | Reached XP level 3. HP: 19/19 MP: 4/6
  1028 | D:2      | Reached skill level 1 in Armour
  1674 | D:3      | Found a radiant altar of Vehumet.
  1916 | D:3      | Reached skill level 1 in Axes
  1916 | D:3      | Reached XP level 4. HP: 8/24 MP: 1/8
  2131 | D:3      | Reached XP level 5. HP: 24/28 MP: 5/9
  2381 | D:3      | Reached XP level 6. HP: 29/33 MP: 2/11
  2823 | D:3      | Noticed Robin
  2830 | D:3      | Killed Robin
  2950 | D:3      | Found Qugg's Antique Armour Emporium.
  3073 | D:3      | Reached skill level 1 in Short Blades
  3168 | D:3      | Found a shadowy altar of Dithmenos.
  3297 | D:3      | Found Wugh's Antique Weapon Emporium.
  3374 | D:4      | Reached skill level 5 in Earth Magic
  3426 | D:4      | Learned a level 2 spell: Passwall
  3430 | D:4      | Learned a level 3 spell: Stone Arrow
  3432 | D:4      | Learned a level 1 spell: Apportation
  3541 | D:4      | Reached XP level 7. HP: 34/37 MP: 13/13
  3571 | D:4      | Found a bloodstained altar of Trog.
  3730 | D:4      | Found a blossoming altar of Fedhas.
  3872 | D:4      | Reached skill level 1 in Fighting
  3876 | D:4      | Reached skill level 1 in Transmutations
  4001 | D:5      | Entered Level 5 of the Dungeon
  4063 | D:5      | Slain by a gnoll shaman

Illustrated notes

Levels and vault maps discovered:
D:1:      wander_arrival_chamber, layout_basic, basic_ecumenical_altar
D:2:      layout_basic, minmay_indecisive_spiral
D:3:      cheibrodos_pilgrimage, layout_loops_corners,
          nicolae_dithmenos_through_a_glass_darkly, nicolae_vehumet_altar_sigil,
          serial_shops, shop_coins, nicolae_shop_behind_doors,
          hangedman_decor_riveting, uniq_robin
D:4:      layout_rooms, mainiacjoe_overflow_tiny_flanked, fedhas_altar_1
D:5:      layout_rooms, mainiacjoe_overflow_catwalk, temple_doors_cd,
          gammafunk_ghost_cemetery, serial_bayou_crossing, uniq_sigmund

Skill      XL: |  1  2  3  4  5  6  7 |
---------------+----------------------+-----
Earth Magic    | 4 5 |  5.5
Armour         | 1 2 |  2.7
Axes           | 1 |  1.0
Stealth        | 3 |  3.0
Spellcasting   | 3 4 |  4.4
Dodging        | 2 |  2.1
Short Blades   | 1 2 |  2.0
Fighting       | 1 |  1.1
Transmutations | 1 |  1.1
Conjurations   | |  0.9
Translocations | |  0.8

Action                   |  1- 3 |  4- 6 |  7- 9 || total
-------------------------+-------+-------+-------++-------
Melee: Hand axe          |    46 |       |       ||    46
       Dagger            |    28 |   147 |    36 ||   211
       Punch             |     1 |     3 |       ||     4
 Cast: Sandblast         |    23 |    25 |    19 ||    67
  Use: Scroll            |     2 |     1 |     2 ||     5
 Stab: Sleeping          |     4 |       |       ||     4
Armor: Leather armour    |    33 |    51 |    29 ||   113
       Robe              |     2 |       |       ||     2
Dodge: Dodged            |    48 |    78 |    43 ||   169
